 Dungeon Sprint DCSS version 0.19-a0-1932-g59670f6 (webtiles) character file.

4782 poirepourri the Stickfighter (level 10, -4/151 HPs)
             Began as a Minotaur Gladiator on Oct 25, 2016.
             Was a Follower of Uskayaw.
             Slain by Joseph
             ... wielding a +0 quarterstaff of freezing
              (7 damage)
             ... in the Dungeon (Sprint III: "The Ten Rune Challenge").
             The game lasted 00:05:25 (1410 turns).

poirepourri the Stickfighter (Minotaur Gladiator)   Turns: 1410, Time: 00:05:26

Health: -4/151     AC:  4    Str: 25    XL:     10   Next: 23%
Magic:  6/9        EV: 20    Int:  5    God:    Uskayaw [*.....]
Gold:   31         SH:  0    Dex: 14    Spells: 0 memorised, 9 levels left

rFire  . . .     SeeInvis .     a - +0 quarterstaff
rCold  . . .     Gourm    .     b - +0 leather armour
rNeg   . . .     Faith    .     (shield currently unavailable)
rPois  .         Spirit   .     c - +1 hat
rElec  .         Reflect  .     (no cloak)
rCorr  .         Harm     .     (no gloves)
MR     .....     NoTele   +     (no boots)
Stlth  ..........               (no amulet)
                                (no ring)
                                (no ring)

@: berserking, very slightly contaminated, slowed
A: retaliatory headbutt, horns 2
a: Stomp, Renounce Religion


You were in the Dungeon.
You worshipped Uskayaw.
Uskayaw was noncommittal.
You were not hungry.

You visited 1 branch You collected 31 gold pieces.

Inventory:

Hand Weapons
 a - a +0 quarterstaff (weapon)
Missiles
 d - 3 throwing nets (quivered)
Armour
 b - a +0 leather armour (worn)
 c - a +1 hat (worn)
Scrolls
 m - 3 scrolls of torment
 o - a scroll of remove curse
Potions
 h - a potion of haste
 i - 2 potions of magic
 l - 3 potions of mutation
 q - 2 potions of cure mutation
 r - a potion of flight
 u - a potion of might
Books
 n - a book of Minor Magic

   Spells                             Type                      Level
   a - Magic Dart                     Conjuration                  1
   b - Blink                          Translocation                2
   c - Call Imp                       Summoning                    2
   d - Repel Missiles                 Charms/Air                   2
   e - Slow                           Hexes                        2
   f - Conjure Flame                  Conjuration/Fire             3
   g - Mephitic Cloud                 Conjuration/Poison/Air       3
 v - a book of Misfortune

   Spells                             Type                      Level
   a - Confusing Touch                Hexes                        1
   b - Confuse                        Hexes                        3
   c - Gell's Gravitas                Hexes/Translocation          3
   d - Petrify                        Transmutation/Earth          4
   e - Metabolic Englaciation         Hexes/Ice                    5
   f - Yara's Violent Unravelling     Hexes/Transmutation          5
Comestibles
 p - 2 royal jellies
 t - a meat ration


   Skills:
 + Level 13.4 Fighting
 + Level 18.2 Staves
 + Level 7.0 Throwing
 - Level 5.5 Armour
 + Level 13.0 Dodging


You had 9 spell levels left.
You didn't know any spells.

Dungeon Overview and Level Annotations

Branches:
Dungeon (1/1)

Altars:
Cheibriados
Dithmenos
Elyvilon
Fedhas
Gozag
Hepliaklqana
Kikubaaqudgha
Makhleb
Nemelex Xobeh
Okawaru
Qazlal
Ru
Sif Muna
Trog
Uskayaw
Vehumet
Xom
Yredelemnul
Zin
The Shining One
Beogh
Jiyva
Lugonu

Annotations:
D Joseph


Innate Abilities, Weirdness & Mutations

You reflexively headbutt those who attack you in melee.
You have a pair of horns on your head.


Message History

You kill Harold!
Harold groans, "My... family..." and then collapses, dead.
Your Fighting skill gained 2 levels and is now at level 13!
Your Staves skill increases to level 18!
Your Throwing skill increases to level 7!
Your Dodging skill increases to level 13!
You have reached level 10!
You hit Joseph.
Joseph is moderately wounded.
Joseph hits you with a quarterstaff of freezing!
* * * LOW HITPOINT WARNING * * *
Joseph freezes you.
* * * LOW HITPOINT WARNING * * *
You hit Joseph.
Joseph is moderately wounded.
You can now stomp with the beat.
You bludgeon Joseph!!
Joseph is heavily wounded.
Joseph hits you with a quarterstaff of freezing!
You die...

__#__[#__# ..#__.#._# #'#'###)##
.........# ⌠........# ).######'#
⌠.#__#...#+#####################
..#__#...#....#.#.#.....#......+
###__#...##.#..#@##)###.#......#
).#__#...'##.#.#@##.#.)##......#
__#__'...#...#..#..##..'.†.....#
▓▓▓▓▓▓▓▓▓▓▓▓▓▓▓▓▓▓▓▓▓▓▓#.......#
♣≈≈≈........≈≈≈...#.......#
+♣≈≈≈≈≈≈≈≈≈≈≈≈♣♣P.'.......#
♣♣♣♣♣♣♣♣♣♣♣♣♣♣♣PP#.@.....#
♣♣♣##'###### #.@.+


You could see Joseph.

Vanquished Creatures
  Harold (D)
  Erolcha (D)
  A deep elf mage (D)
  3 wandering mushrooms (D)
  2 redbacks (D)
  A shadow (D)
  A spatial vortex (D)
  2 hill giants (D)
  A necrophage (D)
  3 two-headed ogres (D)
  A water elemental (D)
  A jelly (D)
  A wizard (D)
  A necromancer (D)
  3 humans (D)
  A kobold demonologist (D)
  A phantom (D)
  4 rats (D)
29 creatures vanquished.

Vanquished Creatures (others)
  2 draconian scorchers (D)
  6 hellions (D)
  A yaktaur (D)
9 creatures vanquished.

Grand Total: 38 creatures vanquished

Notes
Turn   | Place    | Note
-------+----------+-------------------------------------------
     0 | D        | poirepourri the Minotaur Gladiator began the quest for the Orb.
     0 | D        | Reached XP level 1. HP: 18/18 MP: 0/0
    35 | D        | Reached skill level 4 in Staves
    60 | D        | Killed a yaktaur
    62 | D        | Reached skill level 5 in Staves
    62 | D        | Reached XP level 2. HP: 14/26 MP: 1/1
    83 | D        | Killed a hellion
   149 | D        | Killed a hellion
   149 | D        | Killed a hellion
   150 | D        | Killed a hellion
   162 | D        | Killed a hellion
   176 | D        | Killed a hellion
   184 | D        | Killed a white draconian scorcher
   337 | D        | Noticed a water elemental
   343 | D        | Killed a water elemental
   343 | D        | Reached skill level 7 in Staves
   343 | D        | Reached skill level 1 in Armour
   343 | D        | Reached XP level 3. HP: 34/34 MP: 2/2
   343 | D        | Reached XP level 4. HP: 41/41 MP: 3/3
   388 | D        | Found a radiant altar of Vehumet.
   388 | D        | Found a deep blue altar of Sif Muna.
   388 | D        | Found an ancient bone altar of Kikubaaqudgha.
   388 | D        | Noticed a wizard
   392 | D        | Killed a white draconian scorcher
   393 | D        | Killed a wizard
   394 | D        | Noticed a chaos spawn
   394 | D        | Reached skill level 8 in Staves
   410 | D        | Found a glowing silver altar of Zin.
   410 | D        | Found a glowing golden altar of the Shining One.
   410 | D        | Found a white marble altar of Elyvilon.
   411 | D        | Noticed a deep elf mage
   420 | D        | Noticed an earth elemental
   420 | D        | Noticed an earth elemental
   421 | D        | Killed a deep elf mage
   421 | D        | Reached skill level 11 in Staves
   421 | D        | Reached skill level 5 in Throwing
   421 | D        | Reached XP level 5. HP: 44/51 MP: 4/4
   421 | D        | Reached XP level 6. HP: 51/58 MP: 5/5
   483 | D        | Found a basalt altar of Yredelemnul.
   483 | D        | Found a shadowy altar of Dithmenos.
   483 | D        | Found a sacrificial altar of Ru.
   488 | D        | Reached skill level 12 in Staves
   488 | D        | Reached XP level 7. HP: 65/66 MP: 6/6
   494 | D        | Reached skill level 10 in Dodging
   508 | D        | Found a hide-covered altar of Uskayaw.
   508 | D        | Found a roughly hewn altar of Beogh.
   508 | D        | Found an iron altar of Okawaru.
   508 | D        | Found a bloodstained altar of Trog.
   508 | D        | Noticed a human
   509 | D        | Noticed a human
   516 | D        | Killed a human
   521 | D        | Killed a human
   521 | D        | Reached skill level 13 in Staves
   560 | D        | Became a worshipper of Uskayaw the Reveler
   571 | D        | Noticed a shadow
   572 | D        | Reached * piety under Uskayaw
   573 | D        | Reached ** piety under Uskayaw
   575 | D        | Killed a shadow
   575 | D        | Reached XP level 8. HP: 66/74 MP: 7/7
   576 | D        | Reached *** piety under Uskayaw
   586 | D        | Found a blossoming altar of Fedhas.
   586 | D        | Found a stormy altar of Qazlal.
   586 | D        | Found a snail-covered altar of Cheibriados.
   586 | D        | Found a burning altar of Makhleb.
   586 | D        | Found a shimmering altar of Xom.
   587 | D        | Found a hazy altar of Hepliaklqana.
   587 | D        | Found an opulent altar of Gozag.
   587 | D        | Found a sparkling altar of Nemelex Xobeh.
   587 | D        | Found a corrupted altar of Lugonu.
   587 | D        | Found a viscous altar of Jiyva.
   665 | D        | Reached skill level 5 in Armour
   677 | D        | Reached skill level 14 in Staves
  1080 | D        | Noticed Erolcha
  1092 | D        | Reached **** piety under Uskayaw
  1094 | D        | Killed Erolcha
  1094 | D        | Reached skill level 10 in Fighting
  1094 | D        | Reached skill level 15 in Staves
  1094 | D        | Reached XP level 9. HP: 36/86 MP: 8/8
  1243 | D        | Reached skill level 16 in Staves
  1312 | D        | Noticed a wandering mushroom
  1317 | D        | Noticed a wandering mushroom
  1319 | D        | Noticed a wandering mushroom
  1350 | D        | Killed a wandering mushroom
  1356 | D        | Killed a wandering mushroom
  1356 | D        | Reached skill level 17 in Staves
  1356 | D        | Reached ***** piety under Uskayaw
  1371 | D        | Noticed Harold
  1371 | D        | Noticed Joseph
  1407 | D        | Killed Harold
  1407 | D        | Reached skill level 18 in Staves
  1407 | D        | Reached XP level 10. HP: 21/101 MP: 5/9
  1408 | D        | HP: 7/151 [Joseph/quarterstaff of freezing (14)]
  1408 | D        | HP: 2/151 [Joseph/quarterstaff of freezing (5)]
  1410 | D        | Slain by Joseph

Vault maps used:
D:        dungeon_sprint_mu

Skill      XL: |  1  2  3  4  5  6  7  8  9 |
---------------+----------------------------+-----
Staves         | 5 7 11 12 13 15 18 | 18.2
Fighting       | 3 4 6 7 8 10 13 | 13.4
Dodging        | 4 6 9 10 12 13 | 13.0
Throwing       | 3 5 6 7 |  7.0
Armour         | 1 3 4 5 |  5.5

Action                   |  1- 3 |  4- 6 |  7- 9 | 10-12 || total
-------------------------+-------+-------+-------+-------++-------
Melee: Quarterstaff      |    19 |    12 |    97 |     3 ||   131
       Headbutt          |     3 |     2 |    30 |       ||    35
Throw: Throwing net      |       |     3 |     1 |       ||     4
Invok: Stomp             |       |       |     2 |       ||     2
  Use: Scroll            |     5 |       |     2 |       ||     7
       Potion            |       |       |     3 |       ||     3
 Stab: Paralysed         |       |       |     5 |       ||     5
  Eat: Bread ration      |       |       |     1 |       ||     1
Armor: Leather armour    |     1 |     1 |     1 |       ||     3
Dodge: Dodged            |    16 |     8 |    59 |       ||    83
